General information
- name: BNet
- type: Ladder team game (AT/RT)
- host: Battle.net
- saver: 01473517
map: FullScaleAssault
- players: 8
- length: 54:56
- speed: Fast
- version: 1.28 W3XP
- replay type: Public
» download(399 KB)
Players
team 1 (loser)
never.less (
red | 78 APM | 2252 actions | 28:51)
6 Death Knight
3 Death Coil
2 Unholy Aura
1 Animate Dead
5 Lich
3 Frost Nova
1 Dark Ritual
1 Frost Armor
» actions
| Assign group hotkey | 65 | |
| Basic commands | 94 | |
| Build / train | 96 | |
| ESC pressed | 1 | |
| Enter build submenu | 32 | |
| Enter hero's abilities submenu | 13 | |
| Give item / drop item | 12 | |
| Remove unit from queue | 5 | |
| Right click | 1042 | |
| Select / deselect | 392 | |
| Select group hotkey | 387 | |
| Use ability | 113 | |
2252 total
» units
| Acolyte | 24 | |
| Ghoul | 2 | |
| Crypt Fiend | 8 | |
| Obsidian Statue | 3 | |
| Goblin Zeppelin | 1 | |
| Goblin Shredder | 2 | |
| Abomination | 2 | |
| Meatwagon | 3 | |
| Frost Wyrm | 4 | |
| Gargoyle | -1 | |
48 total
» upgrades
| Creature Attack | 3 | |
| Creature Carapace | 3 | |
| Burrow | 1 | |
| Web | 1 | |
| Disease Cloud | 1 | |
| Freezing Breath | 1 | |
| Unholy Strength | 1 | |
11 total
» buildings
| Crypt | 2 | |
| Ziggurat | 13 | |
| Graveyard | 1 | |
| Altar of Darkness | 1 | |
| Tomb of Relics | 1 | |
| Nerubian Tower | 2 | |
| Necropolis | 1 | |
| Halls of the Dead | 3 | |
| Spirit Tower | 2 | |
| Slaughterhouse | 2 | |
| Sacrificial Pit | 2 | |
| Black Citadel | 2 | |
| Boneyard | 2 | |
34 total
» build order
00:15 Crypt
00:21 Ziggurat
01:02 Graveyard
01:14 Altar of Darkness
01:37 Tomb of Relics
02:07 Ziggurat
02:58 Nerubian Tower
05:16 Necropolis
05:43 Ziggurat
05:51 Ziggurat
06:18 Halls of the Dead
06:18 Halls of the Dead
06:19 Halls of the Dead
07:18 Spirit Tower
07:18 Nerubian Tower
07:30 Ziggurat
07:34 Ziggurat
08:30 Crypt
09:05 Slaughterhouse
09:08 Sacrificial Pit
09:11 Sacrificial Pit
10:07 Black Citadel
10:07 Black Citadel
13:32 Ziggurat
15:01 Boneyard
15:03 Boneyard
15:04 Slaughterhouse
17:27 Ziggurat
17:29 Ziggurat
17:29 Ziggurat
17:31 Spirit Tower
21:11 Ziggurat
21:12 Ziggurat
21:52 Ziggurat
» items
| Rod of Necromancy | 3 | |
| Sacrificial Skull | 1 | |
| Scroll of Town Portal | 3 | |
| Orb of Corruption | 1 | |
8 total
FakeSpace (
teal | 74 APM | 3324 actions | 44:56)
6 Death Knight
3 Death Coil
3 Unholy Aura
6 Lich
3 Frost Nova
3 Frost Armor
» actions
| Assign group hotkey | 215 | |
| Basic commands | 42 | |
| Build / train | 123 | |
| Enter build submenu | 26 | |
| Enter hero's abilities submenu | 12 | |
| Give item / drop item | 16 | |
| Remove unit from queue | 4 | |
| Right click | 1455 | |
| Select / deselect | 759 | |
| Select group hotkey | 478 | |
| Use ability | 194 | |
3324 total
» units
| Acolyte | 15 | |
| Ghoul | 5 | |
| Crypt Fiend | 18 | |
| Frost Wyrm | 8 | |
| Meatwagon | 2 | |
| Obsidian Statue | 2 | |
50 total
» upgrades
| Creature Attack | 3 | |
| Web | 1 | |
| Creature Carapace | 3 | |
| Destroyer Form | 1 | |
8 total
» buildings
| Crypt | 1 | |
| Graveyard | 1 | |
| Altar of Darkness | 1 | |
| Ziggurat | 11 | |
| Tomb of Relics | 2 | |
| Nerubian Tower | 1 | |
| Necropolis | 2 | |
| Halls of the Dead | 1 | |
| Spirit Tower | 5 | |
| Black Citadel | 2 | |
| Sacrificial Pit | 1 | |
| Boneyard | 2 | |
| Slaughterhouse | 1 | |
31 total
» build order
00:08 Crypt
00:23 Graveyard
00:47 Altar of Darkness
01:06 Ziggurat
01:32 Tomb of Relics
01:36 Tomb of Relics
01:52 Ziggurat
02:37 Nerubian Tower
03:50 Ziggurat
04:38 Necropolis
05:36 Halls of the Dead
06:52 Ziggurat
07:00 Ziggurat
07:02 Ziggurat
08:22 Spirit Tower
08:24 Ziggurat
08:27 Black Citadel
09:46 Spirit Tower
10:22 Sacrificial Pit
11:23 Boneyard
11:52 Boneyard
13:58 Slaughterhouse
14:00 Spirit Tower
15:31 Ziggurat
15:31 Ziggurat
18:54 Spirit Tower
19:58 Ziggurat
20:15 Spirit Tower
23:37 Ziggurat
35:42 Necropolis
» items
| Rod of Necromancy | 2 | |
| Dust of Appearance | 1 | |
| Potion of Mana | 8 | |
| Orb of Corruption | 2 | |
| Potion of Healing | 11 | |
| Scroll of Town Portal | 5 | |
| Potion of Lesser Invulnerability | 2 | |
| Scroll of Healing | 2 | |
| Lesser Clarity Potion | 1 | |
| Scroll of Regeneration | 1 | |
35 total
MoKacinno (
pink | 55 APM | 1596 actions | 29:01)
7 Blademaster
3 Wind Walk
3 Critical Strike
1 Bladestorm
» actions
| Assign group hotkey | 26 | |
| Basic commands | 64 | |
| Build / train | 56 | |
| ESC pressed | 14 | |
| Enter build submenu | 23 | |
| Enter hero's abilities submenu | 7 | |
| Give item / drop item | 2 | |
| Right click | 506 | |
| Select / deselect | 251 | |
| Select group hotkey | 593 | |
| Use ability | 54 | |
1596 total
» units
| Peon | 7 | |
| Grunt | 6 | |
| Tauren | 10 | |
| Shaman | 7 | |
| Goblin Shredder | 1 | |
| Demolisher | 1 | |
32 total
» upgrades
| Armor | 3 | |
| Shaman Training | 2 | |
| Melee Weapons | 3 | |
| Pulverize | 1 | |
| Reinforced Defenses | 1 | |
10 total
» buildings
| Altar of Storms | 1 | |
| Orc Burrow | 6 | |
| Barracks | 1 | |
| War Mill | 2 | |
| Stronghold | 1 | |
| Voodoo Lounge | 1 | |
| Fortress | 1 | |
| Spirit Lodge | 1 | |
| Tauren Totem | 2 | |
| Great Hall | 1 | |
| Watch Tower | 5 | |
22 total
» build order
00:21 Altar of Storms
00:37 Orc Burrow
00:53 Barracks
01:07 War Mill
01:53 Orc Burrow
02:43 Stronghold
03:31 Orc Burrow
03:41 Voodoo Lounge
05:00 Orc Burrow
05:20 Fortress
05:39 Spirit Lodge
07:18 Orc Burrow
07:47 Tauren Totem
07:52 Tauren Totem
12:48 Orc Burrow
15:04 Great Hall
15:08 Watch Tower
17:02 Watch Tower
17:57 War Mill
18:28 Watch Tower
21:31 Watch Tower
21:34 Watch Tower
» items
| Orb of Lightning | 1 | |
| Healing Salve | 2 | |
| Scroll of Town Portal | 1 | |
4 total
BLINKANDURALIVE (
yellow | 64 APM | 3491 actions | 54:56)
6 Mountain King
3 Storm Bolt
2 Bash
1 Avatar
4 Firelord
1 Summon Lava Spawn
3 Soul Burn
» actions
| Assign group hotkey | 57 | |
| Basic commands | 138 | |
| Build / train | 167 | |
| Enter build submenu | 40 | |
| Enter hero's abilities submenu | 10 | |
| Remove unit from queue | 1 | |
| Right click | 1560 | |
| Select / deselect | 543 | |
| Select group hotkey | 774 | |
| Use ability | 201 | |
3491 total
» units
| Peasant | 23 | |
| Footman | 4 | |
| Goblin Shredder | 5 | |
| Goblin Zeppelin | 4 | |
| Dragonhawk Rider | 7 | |
| Blue Dragon | 6 | |
| Gryphon Rider | 3 | |
| Siege Engine | 8 | |
60 total
» upgrades
| Masonry | 3 | |
| Swords | 2 | |
| Armor | 2 | |
| Gunpowder | 2 | |
| Barrage | 1 | |
| Cloud | 1 | |
| Storm Hammers | 1 | |
| Plating | 1 | |
| Animal War Training | 1 | |
| Flying Machine Bombs | 1 | |
| Flak Cannons | 1 | |
| Flare | 1 | |
| Fragmentation Shards | 1 | |
18 total
» buildings
| Altar of Kings | 1 | |
| Barracks | 1 | |
| Farm | 25 | |
| Scout Tower | 82 | |
| Arcane Tower | 1 | |
| Lumber Mill | 1 | |
| Town Hall | 6 | |
| Guard Tower | 55 | |
| Keep | 4 | |
| Blacksmith | 1 | |
| Arcane Vault | 1 | |
| Castle | 2 | |
| Workshop | 2 | |
| Cannon Tower | 3 | |
| Gryphon Aviary | 3 | |
188 total
» build order
00:06 Altar of Kings
00:20 Barracks
00:35 Farm
00:51 Farm
01:31 Scout Tower
02:02 Arcane Tower
02:23 Lumber Mill
02:33 Farm
03:54 Town Hall
03:56 Scout Tower
03:58 Scout Tower
04:20 Farm
05:17 Guard Tower
05:27 Keep
05:48 Blacksmith
05:57 Scout Tower
05:59 Scout Tower
05:59 Scout Tower
06:00 Scout Tower
06:07 Scout Tower
06:36 Guard Tower
06:47 Scout Tower
06:48 Scout Tower
06:48 Scout Tower
06:50 Scout Tower
06:51 Scout Tower
06:51 Scout Tower
07:19 Arcane Vault
07:32 Guard Tower
08:10 Guard Tower
08:10 Guard Tower
08:10 Guard Tower
08:53 Castle
09:17 Town Hall
09:19 Scout Tower
09:19 Scout Tower
09:19 Scout Tower
09:20 Scout Tower
09:24 Workshop
09:52 Guard Tower
10:23 Farm
10:23 Farm
10:25 Farm
10:25 Farm
10:26 Farm
10:29 Scout Tower
10:30 Scout Tower
10:47 Scout Tower
10:47 Scout Tower
10:48 Scout Tower
10:48 Scout Tower
11:22 Guard Tower
11:22 Guard Tower
11:28 Guard Tower
11:42 Scout Tower
11:48 Scout Tower
11:49 Scout Tower
11:49 Scout Tower
12:06 Cannon Tower
12:06 Cannon Tower
12:11 Gryphon Aviary
12:12 Gryphon Aviary
12:25 Guard Tower
13:12 Farm
13:19 Gryphon Aviary
17:23 Town Hall
17:25 Scout Tower
17:26 Scout Tower
17:26 Scout Tower
17:26 Scout Tower
17:27 Scout Tower
17:58 Guard Tower
18:28 Guard Tower
19:00 Scout Tower
19:00 Scout Tower
19:01 Scout Tower
19:01 Scout Tower
19:04 Scout Tower
19:05 Scout Tower
19:05 Scout Tower
19:49 Guard Tower
19:56 Guard Tower
19:58 Guard Tower
19:59 Guard Tower
20:39 Scout Tower
20:40 Scout Tower
20:40 Scout Tower
20:40 Scout Tower
20:41 Scout Tower
20:41 Scout Tower
20:42 Scout Tower
20:42 Scout Tower
21:07 Guard Tower
21:08 Guard Tower
21:15 Guard Tower
21:15 Guard Tower
21:17 Guard Tower
21:17 Guard Tower
21:30 Scout Tower
21:31 Scout Tower
21:31 Scout Tower
21:31 Scout Tower
21:32 Scout Tower
21:32 Scout Tower
21:32 Scout Tower
21:33 Scout Tower
21:34 Scout Tower
21:35 Scout Tower
21:35 Scout Tower
21:37 Scout Tower
21:40 Guard Tower
21:40 Guard Tower
22:16 Guard Tower
22:19 Guard Tower
22:30 Scout Tower
22:30 Scout Tower
22:32 Scout Tower
22:37 Guard Tower
22:37 Guard Tower
22:46 Guard Tower
22:53 Scout Tower
22:54 Scout Tower
22:55 Scout Tower
22:57 Scout Tower
22:58 Scout Tower
23:00 Guard Tower
23:05 Keep
23:06 Guard Tower
23:07 Guard Tower
23:21 Guard Tower
24:53 Guard Tower
24:54 Guard Tower
26:08 Castle
28:35 Town Hall
29:41 Scout Tower
29:41 Scout Tower
29:41 Scout Tower
29:42 Scout Tower
29:42 Scout Tower
29:42 Scout Tower
29:43 Scout Tower
29:43 Scout Tower
29:43 Scout Tower
30:10 Guard Tower
30:10 Guard Tower
30:16 Guard Tower
30:16 Guard Tower
30:37 Guard Tower
32:31 Guard Tower
32:31 Guard Tower
32:57 Keep
32:57 Keep
33:01 Scout Tower
33:01 Scout Tower
33:02 Scout Tower
33:02 Scout Tower
33:03 Scout Tower
33:26 Workshop
33:57 Town Hall
36:39 Cannon Tower
38:16 Town Hall
47:32 Farm
47:32 Farm
47:33 Farm
47:33 Farm
47:34 Farm
47:34 Farm
47:34 Farm
47:35 Farm
47:35 Farm
47:36 Farm
47:36 Farm
47:36 Farm
47:37 Farm
47:37 Farm
47:38 Farm
» items
| Healing Salve | 1 | |
| Scroll of Town Portal | 3 | |
| Scroll of Healing | 1 | |
| Potion of Lesser Invulnerability | 1 | |
| Staff of Teleportation | 1 | |
7 total
team 2 (winner)
imnumber1 (
blue | 34 APM | 1891 actions | 54:55)
7 Keeper of the Grove
3 Force of Nature
3 Entangling Roots
1 Tranquility
» actions
| Assign group hotkey | 18 | |
| Basic commands | 5 | |
| Build / train | 71 | |
| Enter build submenu | 23 | |
| Enter hero's abilities submenu | 7 | |
| Right click | 1003 | |
| Select / deselect | 562 | |
| Select group hotkey | 126 | |
| Use ability | 75 | |
1891 total
» units
| Wisp | 17 | |
| Hippogryph | 16 | |
| Chimaera | 16 | |
49 total
» upgrades
| Reinforced Hides | 3 | |
| Corrosive Breath | 1 | |
| Strength of the Wild | 3 | |
7 total
» buildings
| Altar of Elders | 1 | |
| Moon Well | 11 | |
| Ancient of Wonders | 1 | |
| Tree of Ages | 1 | |
| Hunter's Hall | 1 | |
| Tree of Eternity | 1 | |
| Ancient of Wind | 3 | |
| Chimaera Roost | 3 | |
| Tree of Life | 2 | |
24 total
» build order
00:34 Altar of Elders
00:54 Moon Well
01:08 Ancient of Wonders
01:58 Moon Well
02:22 Tree of Ages
03:03 Hunter's Hall
03:20 Moon Well
04:48 Tree of Eternity
05:59 Ancient of Wind
06:44 Moon Well
07:22 Chimaera Roost
07:25 Chimaera Roost
07:35 Tree of Life
08:59 Chimaera Roost
09:46 Moon Well
10:41 Moon Well
12:55 Moon Well
12:55 Moon Well
14:50 Moon Well
15:32 Moon Well
17:35 Moon Well
24:36 Ancient of Wind
24:39 Ancient of Wind
29:02 Tree of Life
» items
| Lesser Clarity Potion | 1 | |
| Potion of Mana | 1 | |
| Scroll of Town Portal | 1 | |
| Staff of Preservation | 1 | |
| Anti-magic Potion | 1 | |
5 total
eat.sleep.train (
green | 162 APM | 6344 actions | 39:07)
7 Goblin Alchemist
3 Acid Bomb
3 Chemical Rage
1 Transmute
6 Mountain King
3 Storm Bolt
2 Bash
1 Avatar
4 Paladin
2 Holy Light
2 Divine Shield
» actions
| Assign group hotkey | 321 | |
| Basic commands | 759 | |
| Build / train | 122 | |
| Enter build submenu | 29 | |
| Enter hero's abilities submenu | 17 | |
| Give item / drop item | 10 | |
| Right click | 1513 | |
| Select / deselect | 727 | |
| Select group hotkey | 2623 | |
| Use ability | 223 | |
6344 total
» units
| Peasant | 11 | |
| Footman | 6 | |
| Goblin Shredder | 1 | |
| Goblin Zeppelin | 1 | |
| Spell Breaker | 9 | |
| Siege Engine | 8 | |
| Priest | 4 | |
| Sorceress | 2 | |
| Flying Machine | 17 | |
59 total
» upgrades
| Defend | 1 | |
| Lumber Harvesting | 2 | |
| Swords | 3 | |
| Plating | 3 | |
| Priest Training | 3 | |
| Barrage | 1 | |
| Gunpowder | 3 | |
| Animal War Training | 1 | |
| Masonry | 3 | |
| Sorceress Training | 2 | |
| Control Magic | 1 | |
| Magic Sentry | 1 | |
| Flak Cannons | 2 | |
| Flying Machine Bombs | 1 | |
27 total
» buildings
| Lumber Mill | 1 | |
| Barracks | 1 | |
| Farm | 13 | |
| Altar of Kings | 1 | |
| Scout Tower | 5 | |
| Keep | 1 | |
| Arcane Vault | 1 | |
| Blacksmith | 1 | |
| Castle | 1 | |
| Arcane Sanctum | 2 | |
| Town Hall | 3 | |
| Workshop | 2 | |
| Guard Tower | 1 | |
33 total
» build order
00:26 Lumber Mill
00:41 Barracks
00:55 Farm
00:57 Farm
00:58 Altar of Kings
02:18 Farm
02:43 Scout Tower
03:01 Farm
03:59 Keep
04:01 Arcane Vault
04:31 Blacksmith
05:07 Farm
05:43 Farm
06:21 Castle
06:23 Arcane Sanctum
06:25 Arcane Sanctum
08:54 Town Hall
09:03 Scout Tower
09:04 Scout Tower
09:05 Scout Tower
09:06 Scout Tower
09:22 Workshop
09:24 Workshop
10:00 Guard Tower
13:16 Farm
13:16 Farm
16:49 Farm
16:49 Farm
21:02 Farm
21:34 Town Hall
32:29 Town Hall
» items
| Lesser Clarity Potion | 1 | |
| Staff of Sanctuary | 1 | |
| Potion of Mana | 1 | |
| Scroll of Town Portal | 2 | |
5 total
LEGEND (
orange | 50 APM | 1877 actions | 37:34)
6 Tauren Chieftain
2 War Stomp
3 Endurance Aura
1 Reincarnation
» actions
| Assign group hotkey | 14 | |
| Basic commands | 1 | |
| Build / train | 100 | |
| Enter build submenu | 53 | |
| Enter hero's abilities submenu | 6 | |
| Give item / drop item | 2 | |
| Remove unit from queue | 1 | |
| Right click | 1038 | |
| Select / deselect | 493 | |
| Select group hotkey | 87 | |
| Use ability | 82 | |
1877 total
» units
| Peon | 24 | |
| Grunt | 5 | |
| Goblin Shredder | 1 | |
| Tauren | 21 | |
| Demolisher | 14 | |
| Goblin Zeppelin | 1 | |
66 total
» upgrades
| Spiked Barricades | 3 | |
| Armor | 3 | |
| Berserker Strength | 1 | |
| Melee Weapons | 3 | |
| Reinforced Defenses | 1 | |
| Pulverize | 1 | |
| Burning Oil | 1 | |
13 total
» buildings
| Orc Burrow | 9 | |
| Altar of Storms | 1 | |
| Voodoo Lounge | 1 | |
| War Mill | 1 | |
| Barracks | 1 | |
| Stronghold | 1 | |
| Watch Tower | 32 | |
| Fortress | 1 | |
| Great Hall | 2 | |
| Tauren Totem | 2 | |
51 total
» build order
00:15 Orc Burrow
00:21 Altar of Storms
00:27 Voodoo Lounge
01:21 War Mill
02:05 Barracks
02:24 Orc Burrow
03:14 Stronghold
04:15 Orc Burrow
05:30 Watch Tower
05:32 Watch Tower
05:53 Watch Tower
06:34 Fortress
06:54 Great Hall
07:29 Watch Tower
08:37 Watch Tower
09:29 Tauren Totem
09:36 Tauren Totem
09:49 Watch Tower
11:00 Watch Tower
11:03 Watch Tower
12:15 Orc Burrow
12:24 Watch Tower
12:33 Watch Tower
12:43 Orc Burrow
13:06 Watch Tower
13:12 Watch Tower
13:39 Watch Tower
13:46 Watch Tower
14:06 Orc Burrow
14:15 Orc Burrow
14:20 Orc Burrow
16:07 Watch Tower
16:13 Watch Tower
16:49 Watch Tower
16:52 Watch Tower
16:55 Watch Tower
17:26 Watch Tower
17:34 Watch Tower
18:50 Watch Tower
18:58 Watch Tower
19:09 Watch Tower
19:13 Watch Tower
19:17 Watch Tower
19:59 Orc Burrow
28:58 Watch Tower
29:02 Watch Tower
29:05 Watch Tower
29:08 Watch Tower
29:12 Watch Tower
31:30 Great Hall
35:59 Watch Tower
» items
| Healing Salve | 3 | |
| Potion of Healing | 1 | |
| Periapt of Vitality | 2 | |
| Potion of Lesser Invulnerability | 1 | |
| Orb of Lightning | 1 | |
| Scroll of Town Portal | 1 | |
9 total
01473517 (
purple | 90 APM | 4923 actions | 54:56)
8 Archmage
2 Summon Water Elemental
3 Brilliance Aura
2 Blizzard
1 Mass Teleport
4 Blood Mage
2 Flame Strike
2 Banish
» actions
| Assign group hotkey | 91 | |
| Basic commands | 692 | |
| Build / train | 255 | |
| ESC pressed | 9 | |
| Enter build submenu | 62 | |
| Enter hero's abilities submenu | 12 | |
| Give item / drop item | 7 | |
| Right click | 1182 | |
| Select / deselect | 728 | |
| Select group hotkey | 1573 | |
| Use ability | 312 | |
4923 total
» units
| Peasant | 18 | |
| Footman | 8 | |
| Goblin Zeppelin | 18 | |
| Sorceress | 2 | |
| Gryphon Rider | 6 | |
| Goblin Shredder | 5 | |
| Dragonhawk Rider | 3 | |
| Blue Dragon | 2 | |
62 total
» upgrades
| Masonry | 3 | |
| Swords | 3 | |
| Sorceress Training | 2 | |
| Armor | 3 | |
| Animal War Training | 2 | |
| Storm Hammers | 1 | |
| Cloud | 1 | |
| Priest Training | 2 | |
| Lumber Harvesting | 2 | |
| Magic Sentry | 1 | |
| Control Magic | 1 | |
| Long Rifles | 1 | |
| Defend | 1 | |
| Gunpowder | 3 | |
| Plating | 3 | |
| Fragmentation Shards | 1 | |
| Barrage | 1 | |
| Flak Cannons | 1 | |
| Flying Machine Bombs | 1 | |
| Flare | 1 | |
| Backpack | 1 | |
| Ranged Weapons | 1 | |
36 total
» buildings
| Altar of Kings | 1 | |
| Barracks | 1 | |
| Farm | 9 | |
| Arcane Vault | 3 | |
| Town Hall | 4 | |
| Keep | 6 | |
| Scout Tower | 41 | |
| Lumber Mill | 1 | |
| Arcane Tower | 1 | |
| Blacksmith | 1 | |
| Guard Tower | 67 | |
| Castle | 6 | |
| Arcane Sanctum | 1 | |
| Gryphon Aviary | 6 | |
| Workshop | 2 | |
150 total
» build order
00:54 Altar of Kings
00:57 Barracks
01:03 Farm
01:06 Farm
01:17 Farm
02:18 Farm
02:27 Arcane Vault
04:02 Town Hall
05:09 Keep
05:10 Keep
05:41 Scout Tower
05:44 Scout Tower
06:03 Lumber Mill
06:20 Arcane Tower
06:30 Blacksmith
07:32 Guard Tower
07:32 Guard Tower
07:33 Castle
07:34 Castle
07:35 Arcane Sanctum
08:11 Farm
10:55 Gryphon Aviary
10:56 Gryphon Aviary
11:40 Town Hall
11:55 Scout Tower
15:03 Scout Tower
15:04 Scout Tower
15:05 Scout Tower
15:06 Scout Tower
15:07 Scout Tower
16:00 Guard Tower
16:00 Guard Tower
16:18 Scout Tower
16:19 Scout Tower
16:20 Scout Tower
16:21 Scout Tower
16:22 Scout Tower
17:11 Guard Tower
17:16 Town Hall
18:16 Workshop
18:17 Workshop
18:50 Scout Tower
18:51 Scout Tower
18:52 Scout Tower
18:53 Scout Tower
18:59 Arcane Vault
19:30 Gryphon Aviary
19:32 Gryphon Aviary
19:55 Guard Tower
19:55 Guard Tower
19:55 Guard Tower
19:55 Guard Tower
22:19 Town Hall
22:21 Scout Tower
22:49 Guard Tower
22:50 Guard Tower
22:50 Scout Tower
22:51 Scout Tower
23:17 Guard Tower
23:17 Guard Tower
23:17 Guard Tower
23:20 Scout Tower
23:21 Scout Tower
23:22 Scout Tower
23:25 Scout Tower
23:57 Guard Tower
23:57 Guard Tower
23:58 Guard Tower
23:58 Guard Tower
24:36 Guard Tower
24:37 Guard Tower
24:37 Guard Tower
24:37 Guard Tower
24:37 Guard Tower
25:21 Guard Tower
25:22 Guard Tower
25:25 Scout Tower
25:26 Scout Tower
25:29 Scout Tower
25:34 Guard Tower
25:34 Guard Tower
25:35 Keep
25:35 Keep
26:09 Guard Tower
26:09 Guard Tower
26:09 Guard Tower
26:09 Guard Tower
27:42 Scout Tower
27:43 Scout Tower
27:45 Scout Tower
27:46 Scout Tower
27:47 Scout Tower
27:50 Scout Tower
27:50 Scout Tower
27:51 Scout Tower
27:52 Scout Tower
27:54 Scout Tower
27:55 Scout Tower
27:57 Scout Tower
27:59 Scout Tower
28:03 Scout Tower
28:25 Guard Tower
28:46 Castle
28:46 Castle
29:37 Guard Tower
29:37 Guard Tower
29:37 Guard Tower
29:37 Guard Tower
29:52 Guard Tower
29:52 Guard Tower
29:52 Guard Tower
29:52 Guard Tower
30:07 Arcane Vault
30:13 Farm
30:15 Farm
30:17 Farm
30:18 Farm
30:23 Guard Tower
30:23 Guard Tower
30:24 Guard Tower
31:09 Guard Tower
31:10 Guard Tower
31:10 Guard Tower
31:10 Guard Tower
31:15 Gryphon Aviary
31:17 Gryphon Aviary
31:41 Guard Tower
31:41 Guard Tower
31:41 Guard Tower
31:41 Guard Tower
» items
| Scroll of Regeneration | 4 | |
| Mechanical Critter | 6 | |
| Tome of Retraining | 1 | |
| Staff of Teleportation | 2 | |
| Periapt of Vitality | 2 | |
| Scroll of Town Portal | 2 | |
| Staff of Sanctuary | 1 | |
| Potion of Invisibility | 3 | |
| Lesser Clarity Potion | 3 | |
| Potion of Mana | 2 | |
26 total
Chat log
(00:09 / Allies) imnumber1: chims here
(00:10 / Allies) imnumber1: teching
(00:22 / Allies) imnumber1: units?
(00:38 / Allies) 01473517: totally I'm getting units man
(00:41 / Allies) 01473517: I like units
(01:02 / Allies) eat.sleep.train: breakers
(01:04 / Allies) eat.sleep.train: and tanks
(01:41 / Allies) LEGEND: ill go tauren
(01:45 / Allies) LEGEND: grunt/taur
(01:48 / Allies) LEGEND: ok
(02:34 / Allies) imnumber1: }can someone help me clear mine?
(02:37 / Allies) imnumber1: oj?
(03:25 / Allies) eat.sleep.train: purp
(03:28 / Allies) eat.sleep.train: normally iw ould tk
(03:32 / Allies) eat.sleep.train: for taking my natural mine
(03:40 / Allies) imnumber1: yeah not cool bro
(03:40 / Allies) 01473517: normaly I'd tk for stealing my item
(03:40 / Allies) eat.sleep.train: i wont
(03:43 / Allies) 01473517: I won't
(03:50 / Allies) eat.sleep.train: nah
(03:56 / Allies) imnumber1: next game just dont
(04:09 / Allies) imnumber1: oj mind helping clear out mine?
(05:04 / Allies) 01473517: pendant of energy, sweet
(06:30 / Allies) imnumber1: guess i had to creep mi mine with only hero tnx
(06:40 / Allies) 01473517: maybe you should've got more than a hero
(06:47 / Allies) imnumber1: teching
(06:55 / Allies) 01473517: you can tech with units
(07:02 / Allies) imnumber1: str8 tech
(07:44 / Allies) imnumber1: lol everyone wants shredder?
(07:49 / Allies) eat.sleep.train: nah i want zep
(07:51 / Allies) eat.sleep.train: for expo
(07:51 / Allies) imnumber1: lets help earch other
(07:54 / Allies) imnumber1: k
(08:00 / Allies) imnumber1: wood okz?
(08:00 / Allies) 01473517: I want zep for creeping
(08:03 / Allies) 01473517: special tactics
(08:27 / Allies) imnumber1: green can i have some wood plz
(08:39 / Allies) 01473517: which one of you fags killed my critter
(08:52 / Allies) 01473517: I had a critter at that to hire units
(08:54 / Allies) 01473517: and one of you killed it
(08:56 / Allies) eat.sleep.train: sorry
(08:59 / Allies) eat.sleep.train: i didn't know it was yours
(09:07 / Allies) imnumber1: green woo dplz
(09:14 / Allies) imnumber1: ty
(09:35 / Allies) 01473517: watch this
(09:38 / Allies) 01473517: ty green
(09:48 / Allies) eat.sleep.train: np
(10:15 / Allies) imnumber1: nice
(11:44 / Allies) 01473517: lumber me?
(11:47 / Allies) imnumber1: godl plz
(12:23 / Allies) imnumber1: b
(12:25 / Allies) eat.sleep.train: omw
(12:32 / Allies) 01473517: I need lvl 3 flamestrike
(12:42 / Allies) 01473517: and lots of lumber
(12:46 / Allies) 01473517: didn't get either shredders TT
(13:03 / Allies) imnumber1: lets hit expos
(14:49 / Allies) eat.sleep.train: shiut
(14:52 / Allies) eat.sleep.train: out
(15:24 / Allies) imnumber1: gold oklz
(15:38 / Allies) eat.sleep.train: careful
(15:40 / Allies) eat.sleep.train: they are going ot you
(15:43 / Allies) 01473517: yeh
(15:55 / Allies) imnumber1: na iha ve gol dplz
(16:02 / Allies) 01473517: lumber for gold
(16:46 / Allies) imnumber1: dude u have 5k
(16:48 / Allies) imnumber1: plz share
(16:51 / Allies) imnumber1: i have nothing
(17:26 / Allies) 01473517: I trade gold for lumber
(17:40 / Allies) imnumber1: lol
(17:42 / Allies) imnumber1: the other way
(17:46 / Allies) imnumber1: thats all i have
(17:48 / Allies) imnumber1: lol+
(17:56 / Allies) 01473517: I give 1:1, it's fair
(18:23 / Allies) 01473517: already spent all 1800 of that lumber
(18:29 / Allies) 01473517: the humans are in dire need of wood
(19:31 / Allies) imnumber1: finish all expos
(20:05 / Allies) imnumber1: sohjould be 1:1.5
(20:12 / Allies) 01473517: I think the rate is fair as it is
(20:19 / Allies) 01473517: do I look like a charity to you?
(20:29 / Allies) imnumber1: u dont look like an ally i tell you
(20:40 / Allies) 01473517: don't backstab me or you'll be sorry ,pal
(20:45 / Allies) imnumber1: i dont
(20:47 / Allies) imnumber1: never bro
(21:52 / Allies) eat.sleep.train: yellow massed expos
(22:25 / Allies) imnumber1: wher eis army oj?
(22:36 / Allies) eat.sleep.train: its there
(22:37 / Allies) imnumber1: come bro
(22:43 / Allies) imnumber1: we need you
(23:00 / Allies) imnumber1: oj are u afk?
(23:19 / Allies) LEGEND: afk?
(23:23 / Allies) imnumber1: come
(23:32 / Allies) imnumber1: ,main
(23:34 / Allies) imnumber1: avoid to
(23:36 / Allies) imnumber1: avoid tp
(24:53 / Allies) imnumber1: tp out poj
(24:54 / Allies) imnumber1: tp out
(24:57 / Allies) imnumber1: don t suivide
(25:01 / Allies) eat.sleep.train: lol
(25:02 / Allies) imnumber1: oh isee
(25:02 / Allies) eat.sleep.train: its over
(25:10 / Allies) eat.sleep.train: we just hardcore fed
(25:12 / Allies) 01473517: not over yet
(25:26 / Allies) imnumber1: oh right we have purp
(25:28 / Allies) eat.sleep.train: you are hoarding gold
(25:32 / Allies) eat.sleep.train: you aren't breaking 50
(25:34 / Allies) eat.sleep.train: its over
(25:39 / Allies) 01473517: I'll break 50 when I want to
(25:44 / Allies) 01473517: I just want the match to be exciting
(25:47 / Allies) imnumber1: dude u hav eno units
(25:49 / Allies) 01473517: I don't want it to be too easy, I like a challenge
(25:52 / Allies) 01473517: I can make units whenever I want
(26:15 / Allies) imnumber1: purp?
(26:18 / Allies) 01473517: yeah?
(26:19 / Allies) imnumber1: just gave u 300 wood
(26:26 / Allies) 01473517: oh srry
(26:27 / Allies) 01473517: forgot
(26:28 / Allies) imnumber1: ty
(27:02 / Allies) eat.sleep.train: im building my final army
(27:06 / Allies) eat.sleep.train: if we lose next fight
(27:07 / Allies) eat.sleep.train: im out
(27:11 / Allies) eat.sleep.train: my expo only has 2k gold left
(27:15 / Allies) 01473517: is clan s4s all such pussies?
(27:22 / Allies) imnumber1: tp when needed
(27:31 / Allies) imnumber1: gold plz
(27:37 / Allies) 01473517: for wood
(28:54 / All) imnumber1: ]gg
(28:55 / Allies) eat.sleep.train: gold please
(28:58 / Allies) eat.sleep.train: gave you 700 wood
(28:59 / Allies) eat.sleep.train: thanks
(29:29 / Allies) imnumber1: kill expos again
(29:30 / Allies) eat.sleep.train: we just wont 4vs3
(30:52 / Allies) imnumber1: leave my base to die
(30:54 / Allies) imnumber1: ignore it
(31:01 / Allies) eat.sleep.train: i can save it
(31:04 / Allies) imnumber1: dont
(31:11 / Allies) imnumber1: i dont have shit
(31:20 / Allies) imnumber1: no gold no wisps nothing
(31:56 / Allies) imnumber1: finishit
(32:02 / Allies) 01473517: get your shredder outta my trees
(32:04 / Allies) 01473517: I'm low on lumber
(33:00 / Allies) 01473517: 6 aviaries making units
(33:11 / Allies) imnumber1: here comes the tk
(33:17 / Allies) 01473517: ?
(33:51 / Allies) eat.sleep.train: purp
(33:53 / All) 01473517: I WANT LEVEL 6
(33:54 / Allies) eat.sleep.train: did you kill my shredder?
(33:57 / Allies) 01473517: I told you to move it
(34:01 / Allies) 01473517: It was harvesting my wood
(34:01 / Allies) eat.sleep.train: asshole
(34:04 / Allies) eat.sleep.train: i was fightig
(34:05 / Allies) eat.sleep.train: you piece of shit
(34:07 / Allies) 01473517: you could've moved it
(34:10 / Allies) eat.sleep.train: no
(34:13 / Allies) eat.sleep.train: i was focused on the fight
(34:18 / Allies) 01473517: it was your responsibility, you could've after
(34:25 / Allies) eat.sleep.train: you're an asshole
(34:34 / Allies) imnumber1: 400 purp
(34:36 / Allies) eat.sleep.train: now i have no way to make more wood
(34:39 / Allies) eat.sleep.train: or get more gold
(34:41 / Allies) eat.sleep.train: nvm
(34:42 / Allies) 01473517: it's your own fault
(34:43 / Allies) eat.sleep.train: i have peasants
(34:45 / Allies) eat.sleep.train: but no golt
(34:49 / Allies) eat.sleep.train: no, its your fault
(34:50 / Allies) imnumber1: purp
(34:52 / Allies) eat.sleep.train: you're a bad ally
(34:54 / Allies) imnumber1: i just gave u 400 wood
(35:00 / All) 01473517: My whole team is shit talking me
(35:11 / Allies) imnumber1: purp im not give me my 400 gold
(35:15 / All) 01473517: not sure what their problem is
(35:20 / All) 01473517: they're bullying me
(35:25 / Allies) imnumber1: lol i see
(35:28 / Allies) imnumber1: purp
(35:34 / Allies) 01473517: what?
(35:35 / Allies) imnumber1: 400 gold i just vave you 400 wood
(35:36 / Allies) eat.sleep.train: he's going to tk at the end
(35:38 / Allies) eat.sleep.train: this always happens
(35:47 / Allies) 01473517: do you have experience with the matter?
(36:01 / Allies) 01473517: you must be a real shit player to get tked so much
(36:05 / Allies) 01473517: or a real jerk
(36:10 / Allies) imnumber1: puuuuurp
(36:12 / Allies) imnumber1: my fkn gold
(36:15 / Allies) imnumber1: i have u 400 foow
(36:25 / Allies) 01473517: you're all nothing but bullies who like picking on people in video games
(36:28 / Allies) 01473517: I'm just having my own fun
(36:29 / Allies) imnumber1: i thought you were at least a man of your word
(36:31 / Allies) 01473517: and you all give me shit for it
(36:37 / Allies) 01473517: well, it's not all about you guys
(36:50 / Allies) eat.sleep.train: see
(36:50 / Allies) eat.sleep.train: tk
(37:04 / Allies) imnumber1: just fkn play guys
(37:17 / Allies) eat.sleep.train: i knew he intended to tk from the beginning dude
(37:19 / All) 01473517: Clan S4S easy players to tk
(37:26 / Allies) eat.sleep.train: on permanent tk list purp
(37:29 / Allies) eat.sleep.train: i willl fuck you up every game
(37:33 / All) 01473517: I use different names every tk
(37:37 / All) 01473517: and no you won't
(37:37 / All) 01473517: I
(37:41 / All) 01473517: 'will always fuck you up
(37:43 / Allies) eat.sleep.train: watch me
(37:46 / All) 01473517: nope lol
(37:49 / All) 01473517: you couldn't this game
(37:56 / All) 01473517: what makes you think you could any others
(37:57 / Allies) eat.sleep.train: because i didn't think you would actually tk
(38:06 / Allies) eat.sleep.train: i can outdo you at your own strat
(38:08 / Allies) 01473517: nope
(38:09 / Allies) eat.sleep.train: and make you rage quit
(38:09 / Allies) 01473517: you can't
(38:12 / Allies) 01473517: Nah
(38:14 / Allies) 01473517: Keep dreaming boi
(38:29 / Allies) eat.sleep.train: what are your stats?
(38:40 / Allies) 01473517: I average 140-150 apm a lot of my games
(38:45 / Allies) eat.sleep.train: yeah
(38:47 / Allies) eat.sleep.train: i can beat you easy
(38:49 / Allies) 01473517: and I have over 1000 confirmed tks
(38:50 / Allies) eat.sleep.train: shit apm
(39:04 / Allies) eat.sleep.train: anyway im out
(39:08 / Allies) 01473517: ou tboi
(40:38 / Allies) imnumber1: good thing i only play for fun jaja
(40:42 / Allies) 01473517: jaja
(40:43 / Allies) 01473517: same
(40:57 / Allies) imnumber1: you could really get into peoples nerves huh?
(40:58 / Allies) imnumber1: hahha
(42:25 / Allies) imnumber1: are you frinds with yellow?
(42:32 / Allies) imnumber1: purp?
(42:33 / Allies) 01473517: what do you think
(42:37 / Allies) imnumber1: ye?
(42:45 / Allies) imnumber1: can isee whats happenind ther?
(43:28 / Allies) 01473517: watch
(43:31 / Allies) 01473517: this
(43:33 / Allies) imnumber1: where
(43:34 / Allies) 01473517: you won't believe it
(43:39 / Allies) imnumber1: where?
(43:53 / All) BLINKANDURALIVE: i am purple
(43:55 / All) 01473517: i am yellow
(43:59 / Allies) imnumber1: ?
(44:04 / All) imnumber1: oh onn the same room?
(44:06 / Allies) 01473517: i'm 2 player
(44:10 / All) 01473517: I play 2 players
(44:14 / All) imnumber1: neh
(44:17 / All) imnumber1:
(45:01 / Allies) 01473517: bad luck, he left
(45:02 / Allies) 01473517: you lose
(45:12 / Allies) 01473517: stay and you get a loss, leave and you get a tie
(45:30 / All) imnumber1: im alright with the loss need to take a huge dump
(45:43 / Allies) imnumber1: ill help u detoneate mi wisps
(45:53 / Allies) imnumber1: and there is some wood
(50:55 / Allies) imnumber1: what happens when you get both computers in the same team
(50:57 / Allies) imnumber1: ?
(51:08 / Allies) 01473517: I play both of my players on one team
(51:12 / Allies) 01473517: and win every time
(51:22 / Allies) imnumber1: you dont tk yourselg?
(51:28 / Allies) 01473517: mastermind war3 player, I'm like a korean except I use my skills to play two players in 4v4 at once
(51:39 / Allies) 01473517: I'll tk my team and make them leave of course
(51:45 / Allies) 01473517: and then the whole enemy team and give my accounts the wins
(52:06 / Allies) imnumber1: whuch one is the account you want the wins at?
(52:22 / Allies) 01473517: on opposite teams the team with remaining players loses
(52:26 / Allies) 01473517: if both have real players I make a standoff
(52:44 / Allies) imnumber1: where is yellows army?
(52:53 / Allies) imnumber1: i wanna see if you really control it
(52:56 / Allies) 01473517: right here
(53:45 / Allies) imnumber1: i thoguth you were better
(53:49 / Allies) 01473517: I moved it
(53:53 / Allies) imnumber1: like could level both heoroes to 10 just for the fun of it
(53:55 / Allies) 01473517: it's here now
(53:57 / Allies) imnumber1: you lied
(54:01 / Allies) 01473517: lol
(54:03 / Allies) 01473517: check
(54:05 / Allies) 01473517: I moved it there
(54:17 / Allies) imnumber1: dude a level 4 BM sucks
(54:33 / Allies) 01473517: didn't need it higher this game